AoeStats
← JEFRYY

Arabia

510768631Analyzed
1v1 RM · 8h ago on Oct 2, 2026· 50m 24s· 2 players
Game mode
Random Map
Map size
Tiny (2 player)
Population
200
Speed
Normal
Resources
Standard
Victory
Conquest
Starting age
Dark Age
Ending age
Imperial Age
RankedLock teamsTeams togetherTeam positionsShared explorationLock speedFull tech treeHidden civsTurbo modeCheats
Victory
Defeat
🇸🇻 Turks · El Salvador
1037
+17
🇦🇷 Maya · Argentina
1069
-17
Narayan94
9:34 Loom
11:30 Feudal Age
17:17 Castle Age
15:36 Double-Bit Axe
16:39 Fletching
20:31 Bow Saw
20:04 Horse Collar
20:18 Gold Mining
25:28 Bodkin Arrow
25:39 Scale Barding Armor
28:59 Chain Barding Armor
31:32 Bloodlines
34:44 Imperial Age
37:45 Plate Barding Armor
37:22 Forging
37:15 Bracer
43:14 Elite Janissary
45:26 Wheelbarrow
47:03 Iron Casting
46:29 Padded Archer Armor
46:48 Stone Mining
47:33 Gold Shaft Mining
47:58 Heavy Plow
49:04 Artillery
49:57 Ballistics
49:58 Bombard Tower
JEFRYY
0:28 Loom
11:40 Feudal Age
16:08 Double-Bit Axe
18:20 Horse Collar
21:09 Wheelbarrow
21:14 Fletching
23:26 Castle Age
24:51 Bodkin Arrow
24:18 Crossbowman
25:05 Thumb Ring
32:09 Gold Mining
37:51 Imperial Age
35:34 Bow Saw
38:31 Pikeman
39:17 Bracer
41:51 Halberdier
42:33 Squires
42:18 Arson
42:38 Scale Mail Armor
42:48 Forging
42:27 Capped Ram
43:58 Elite Skirmisher
47:31 Padded Archer Armor
Connection lost

Rejoining the realm…

Still unreachable

The connection could not be restored.

Session expired

The server has moved on; the page needs a fresh start.